 Dungeon Crawl Stone Soup version 0.25-a0-576-g50b708a4c4 (webtiles) character file.

Game seed: 3077946749252284478, levelgen mode: deterministic

238 ReteAZ the Ducker (level 6, -8/50 HPs)
             Began as a Gnoll Gladiator on Mar 1, 2020.
             Was a Follower of Okawaru.
             Killed by divine providence
             ... invoked by an orc priest
              (16 damage)
             ... on level 3 of the Dungeon.
             The game lasted 00:03:18 (1989 turns).

ReteAZ the Ducker (Gnoll Gladiator)                 Turns: 1989, Time: 00:03:18

Health: -8/50      AC:  9    Str: 16    XL:     6   Next: 7%
Magic:  8/8        EV: 16    Int: 12    God:    Okawaru [*.....]
Gold:   83         SH:  0    Dex: 17    Spells: 8/8 levels left

rFire    . . .     SeeInvis .   a - +0 long sword
rCold    . . .     Gourm    .   (no shield)
rNeg     . . .     Faith    .   t - +3 leather armour {rPois}
rPois    +         Spirit   .   c - +0 helmet
rElec    .         Reflect  .   g - +0 cloak (curse)
rCorr    .         Harm     .   (no gloves)
MR       .....                  k - +0 pair of boots (curse)
Stlth    ++........             (no amulet)
HPRegen  0.16/turn              (no ring)
MPRegen  0.11/turn              (no ring)

@: lethally poisoned (-8 -> -9)
A: distributed training, fangs 1, strong nose
a: Heroism, Renounce Religion


You were on level 3 of the Dungeon.
You worshipped Okawaru.
Okawaru was aware of your devotion.
You were not hungry.

You visited 1 branch of the dungeon, and saw 4 of its levels.

You collected 83 gold pieces.

Inventory:

Hand Weapons
 a - a +0 long sword (weapon)
Missiles
 d - 3 throwing nets (quivered)
 q - 7 boomerangs
Armour
 b - a +0 leather armour
 c - a +0 helmet (worn)
 g - a cursed +0 cloak (worn)
 k - a cursed +0 pair of boots (worn)
 t - a +3 leather armour of poison resistance (worn)
Jewellery
 o - a +3 amulet of reflection {unknown}
Scrolls
 e - a scroll of immolation {unknown}
 h - 2 scrolls of remove curse {unknown}
 i - 9 scrolls of identify {unknown}
 m - a scroll of amnesia {unknown}
 n - 2 scrolls of blinking {unknown}
 p - a scroll of teleportation {unknown}
Potions
 j - 2 potions of curing {unknown}
 l - 2 potions of lignification {unknown}
 r - a potion of berserk rage {unknown}
 u - 2 potions of might {unknown}
Comestibles
 f - 3 rations
 s - 4 chunks of flesh


   Skills:
 + Level 4.9 Fighting
 + Level 1.7 Short Blades
 + Level 6.7 Long Blades
 + Level 1.7 Axes
 + Level 1.7 Maces & Flails
 + Level 1.7 Polearms
 + Level 1.7 Staves
 + Level 1.7 Slings
 + Level 1.7 Bows
 + Level 1.7 Crossbows
 + Level 4.9 Throwing
 + Level 1.7 Armour
 + Level 6.7 Dodging
 + Level 1.7 Stealth
 + Level 1.7 Shields
 + Level 1.7 Unarmed Combat
 + Level 1.7 Spellcasting
 + Level 1.3 Conjurations
 + Level 1.3 Hexes
 + Level 1.3 Charms
 + Level 1.3 Summonings
 + Level 1.3 Necromancy
 + Level 1.3 Translocations
 + Level 1.3 Transmutations
 + Level 1.3 Fire Magic
 + Level 1.3 Ice Magic
 + Level 1.3 Air Magic
 + Level 1.3 Earth Magic
 + Level 1.3 Poison Magic
 + Level 2.0 Invocations
 + Level 1.7 Evocations


You had 8 spell levels left.
You didn't know any spells.
Your spell library contained the following spells:

 Spells                   Type           Power        Failure   Level  Hunger
 Beastly Appendage        Tmut           #.....       21%         1    ##.....
 Sticks to Snakes         Tmut           #.......     30%         2    ###....
 Spider Form              Tmut/Pois      #.........   52%         3    ####...
 Ice Form                 Ice/Tmut       #.......     89%         4    #####..
 Blade Hands              Tmut           #.........   99%         5    ######.


Dungeon Overview and Level Annotations

Branches:
Dungeon (4/15)
 Temple: D:4-7

Altars:
Okawaru
Uskayaw


Innate Abilities, Weirdness & Mutations

Your experience applies equally to all skills.
You have very sharp teeth.
Your uncanny sense of smell can sniff out nearby items.


Message History

You feel sick.
The gnoll throws a throwing net.
The throwing net completely misses you.
You feel sick.
You feel sick. The gnoll completely misses you.
You feel sick.
The gnoll hits you from afar with a +0 spear!
* * * LOW HITPOINT WARNING * * *
You feel sick. The gnoll closely misses you.
You feel sick. The gnoll barely misses you.
You feel sick. The gnoll hits you but does no damage.
There is an open door here.
You feel yourself speed up.
A jackal comes into view.
You feel sick.
A frilled lizard comes into view.
The jackal moves out of view.
The orc priest calls down the wrath of Beogh upon you.
Beogh smites you!
You die...

##. #... . ..
...... #. #.
###### ##.##.###
........#####
#####
........'.g.#
#....
.......g###.#
#....
........'o..#
#....
g......@#.#.#
#....
........#.#.#
#....
........#g#.#
#....
......!.#.#.#
##....
...####.#o#.#
#####..... ...
#.#.#.###.........
l.
#.#)#.#....###....
#.)...#.8..._...8.
∆
#.##........).....


You could see an orc priest, 2 gnolls and a frilled lizard (wandering).

Vanquished Creatures
  A hound (D:4)
  Jessica (D:2)
  Ijyb (D:3)
  A worker ant (D:2)
  5 adders
  A gnoll (D:3)
  3 worms
  2 dart slugs
  A leopard gecko (D:2)
  2 orcs (D:3)
  A ball python (D:2)
  4 giant cockroaches
  10 hobgoblins
  3 jackals
  6 bats
  2 frilled lizards
  8 goblins
  4 kobolds
  9 rats
65 creatures vanquished.

Notes
Turn   | Place    | Note
-------+----------+-------------------------------------------
     0 | D:1      | ReteAZ the Gnoll Gladiator began the quest for the Orb.
     0 | D:1      | Reached XP level 1. HP: 20/20 MP: 1/1
   160 | D:1      | Reached XP level 2. HP: 26/26 MP: 2/2
   566 | D:2      | Found a faded altar of an unknown god.
   574 | D:2      | Reached XP level 3. HP: 31/31 MP: 3/3
   590 | D:2      | Found an iron altar of Okawaru.
   603 | D:2      | Became a worshipper of Warmaster Okawaru
   726 | D:2      | Noticed Jessica
   735 | D:2      | Reached skill level 1 in Invocations
   736 | D:2      | Killed Jessica
   736 | D:2      | Reached skill level 1 in Short Blades
   736 | D:2      | Reached skill level 1 in Axes
   736 | D:2      | Reached skill level 1 in Maces & Flails
   736 | D:2      | Reached skill level 1 in Polearms
   736 | D:2      | Reached skill level 1 in Staves
   736 | D:2      | Reached skill level 1 in Slings
   736 | D:2      | Reached skill level 1 in Bows
   736 | D:2      | Reached skill level 1 in Crossbows
   736 | D:2      | Reached skill level 1 in Armour
   736 | D:2      | Reached skill level 1 in Stealth
   736 | D:2      | Reached skill level 1 in Shields
   736 | D:2      | Reached skill level 1 in Unarmed Combat
   736 | D:2      | Reached skill level 1 in Spellcasting
   736 | D:2      | Reached skill level 1 in Evocations
   736 | D:2      | Reached XP level 4. HP: 34/38 MP: 5/5
   962 | D:2      | You fall into a shaft and drop 2 floors!
   966 | D:4      | Reached skill level 1 in Conjurations
   966 | D:4      | Reached skill level 1 in Hexes
   966 | D:4      | Reached skill level 1 in Charms
   966 | D:4      | Reached skill level 1 in Summonings
   966 | D:4      | Reached skill level 1 in Necromancy
   966 | D:4      | Reached skill level 1 in Translocations
   966 | D:4      | Reached skill level 1 in Transmutations
   966 | D:4      | Reached skill level 1 in Fire Magic
   966 | D:4      | Reached skill level 1 in Ice Magic
   966 | D:4      | Reached skill level 1 in Air Magic
   966 | D:4      | Reached skill level 1 in Earth Magic
   966 | D:4      | Reached skill level 1 in Poison Magic
   966 | D:4      | Reached XP level 5. HP: 28/43 MP: 6/6
  1293 | D:2      | Reached * piety under Okawaru
  1589 | D:3      | Found a hide-covered altar of Uskayaw.
  1656 | D:3      | Noticed Ijyb
  1693 | D:3      | Killed Ijyb
  1915 | D:3      | Reached XP level 6. HP: 50/50 MP: 8/8
  1989 | D:3      | Killed from afar by an orc priest

Levels and vault maps discovered:
D:1:      dpeg_arrival_fog, layout_loops_cross
D:2:      layout_basic, okawaru_metal_pillars_1_2,
          chequers_ecumenical_altar_simple_redux, uniq_jessica
D:3:      layout_basic, eat_drink_and_be_merry_uskayaw, minmay_box_of_dots,
          uniq_ijyb
D:4:      layout_loops_cross, kennysheep_mini, first_ration, grunt_ministairs_7,
          kennysheep_crisscross

Skill      XL: |  1  2  3  4  5  6 |
---------------+-------------------+-----
Invocations    | 1 2 |  2.0
Short Blades   | 1 |  1.7
Axes           | 1 |  1.7
Maces & Flails | 1 |  1.7
Polearms       | 1 |  1.7
Staves         | 1 |  1.7
Slings         | 1 |  1.7
Bows           | 1 |  1.7
Crossbows      | 1 |  1.7
Armour         | 1 |  1.7
Stealth        | 1 |  1.7
Shields        | 1 |  1.7
Unarmed Combat | 1 |  1.7
Spellcasting   | 1 |  1.7
Evocations     | 1 |  1.7
Conjurations   | 1 |  1.3
Hexes          | 1 |  1.3
Charms         | 1 |  1.3
Summonings     | 1 |  1.3
Necromancy     | 1 |  1.3
Translocations | 1 |  1.3
Transmutations | 1 |  1.3
Fire Magic     | 1 |  1.3
Ice Magic      | 1 |  1.3
Air Magic      | 1 |  1.3
Earth Magic    | 1 |  1.3
Poison Magic   | 1 |  1.3
Fighting       | |  4.9
Long Blades    | |  6.7
Throwing       | |  4.9
Dodging        | |  6.7

Action                   |  1- 3 |  4- 6 || total
-------------------------+-------+-------++-------
Melee: Long sword        |    54 |   116 ||   170
       Bite              |     7 |    15 ||    22
       Punch             |       |     3 ||     3
 Stab: Sleeping          |     2 |     4 ||     6
  Eat: Chunk             |       |     4 ||     4
Armor: Leather armour    |    16 |    40 ||    56
Dodge: Dodged            |    35 |   109 ||   144
       Rpst.: Long sword |    11 |    26 ||    37

Table legend:
 A = Non-vault XP
 B = Vault XP
 C = Vault XP percentage of total XP
 D = Non-vault monster count
 E = Vault monster count
 F = Vault count percentage of total count
                 A         B        C        D         E       F
            +---------+---------+-------+---------+---------+-------
      Total |     267 |      73 |  21.5 |      63 |       2 |   3.1
            +---------+---------+-------+---------+---------+-------
        D:1 |      30 |       0 |   0.0 |      17 |       0 |   0.0
        D:2 |     125 |      37 |  22.8 |      30 |       1 |   3.2
        D:3 |      54 |      36 |  40.0 |      14 |       1 |   6.7
        D:4 |      58 |       0 |   0.0 |       2 |       0 |   0.0
            +---------+---------+-------+---------+---------+-------
